 Dungeon Crawl Stone Soup version 0.27.1-4-g1640c2035a (webtiles) character file.

Game seed: 1664018800317233984

59 ders the Skirmisher (level 4, -17/45 HPs)
             Began as a Gargoyle Berserker on Nov 17, 2021.
             Was a Follower of Trog.
             Demolished by an ogre (23 damage)
             ... on level 2 of the Dungeon.
             The game lasted 00:02:02 (1810 turns).

ders the Skirmisher (Gargoyle Berserker)            Turns: 1810, Time: 00:02:02

Health: -17/45     AC:  5    Str: 22    XL:     4   Next: 3%
Magic:  4/4        EV: 11    Int:  7    God:    Trog [*.....]
Gold:   56         SH:  0    Dex:  9    Spells: 3/3 levels left

rFire    . . .     SeeInvis .   a - +0 mace
rCold    . . .     Faith    .   (no shield)
rNeg     + . .     Spirit   .   b - +0 animal skin
rPois    ∞         Reflect  .   (no helmet)
rElec    +         Harm     .   (no cloak)
rCorr    .         Rampage  .   (no gloves)
Will     .....                  (no boots)
Stlth    ..........             (no amulet)
HPRegen  0.15/turn              (no ring)
MPRegen  0.09/turn              (no ring)

@: berserking, very quick
A: sickness immunity, AC +3, negative energy resistance 1, electricity
resistance, torment resistance 1, petrification resistance
a: Renounce Religion, Berserk


You were on level 2 of the Dungeon.
You worshipped Trog.
Trog was aware of your devotion.
You visited 1 branch of the dungeon, and saw 2 of its levels.

You collected 56 gold pieces.

Inventory:

Hand Weapons
 a - a +0 mace (weapon)
Armour
 b - a +0 animal skin (worn)
Scrolls
 c - a scroll of noise {unknown}
 f - a scroll of fear {unknown}
 g - 2 scrolls of magic mapping {unknown}
 k - a scroll of fog {unknown}
Potions
 d - a potion of attraction {unknown}
 e - a potion of brilliance {unknown}
 h - a potion of ambrosia {unknown}
 i - a potion of degeneration {unknown}
 j - a potion of lignification {unknown}
 l - a potion of heal wounds {unknown}


   Skills:
 + Level 4.3 Fighting
 + Level 3.9 Maces & Flails
 - Level 2.2 Armour
 - Level 1.5 Dodging


You had 3 spell levels left.
You didn't know any spells.
Your spell library was empty.

Dungeon Overview and Level Annotations

Branches:
Dungeon (2/15)

Altars:

Shops:
D:1 *


Innate Abilities, Weirdness & Mutations

You are immune to sickness and miasma.
Your stone body is resilient. (AC +3)
You are immune to poison.
You resist negative energy. (rN+)
You are resistant to electric shocks. (rElec)
You are resistant to unholy torment.
You are immune to petrification.


Message History

Trog accepts your kill.
No target in view!
You start resting.
HP restored.
You now have 56 gold pieces (gained 8).
Things that are here:
a +0 whip; a +0 whip; a gnoll corpse You feel yourself speed up.
An ogre comes into view. It is wielding a +0 giant club.
The ogre shouts!
An ogre is nearby!
You're still recovering from your berserk rage.
You recover from your berserk rage.
Really walk into that teleport trap? [Y]es or [N]o only, please.
Really walk into that teleport trap? [Y]es or [N]o only, please.
Really walk into that teleport trap?
Okay, then.
A red film seems to cover your vision as you go berserk!
You feel yourself moving faster!
You feel mighty!
You barely miss the ogre.
The ogre hits you with a +0 giant club!!
Ouch! That really hurt!
You sock the ogre!
The ogre is moderately wounded.
The ogre hits you with a +0 giant club!
* * * LOW HITPOINT WARNING * * *
You barely miss the ogre.
The ogre is moderately wounded.
You sock the ogre!
The ogre is almost dead.
The ogre barely misses you.
You barely miss the ogre.
The ogre is almost dead.
You barely miss the ogre.
The ogre is almost dead.
The ogre hits you with a +0 giant club!!
Ouch! That really hurt!
You die...

#...# #####...#
........+ #####...#
#...# #. #...#
##.##########...#
###...........^...#
..............@####
..............O#
...............#
........†......#
...............#
.........))....#
...............#
...............###
...............(.#


You could see an ogre.

Vanquished Creatures
  3 gnolls (D:2)
  2 dart slugs
  3 bats
  2 endoplasms
  2 goblins (D:1)
  2 hobgoblins (D:1)
  5 kobolds (D:1)
  2 quokkas (D:1)
  3 ball pythons (D:1)
  3 rats
27 creatures vanquished.

Notes
Turn   | Place    | Note
-------+----------+-------------------------------------------
     0 | D:1      | ders the Gargoyle Berserker began the quest for the Orb.
     0 | D:1      | Reached XP level 1. HP: 14/14 MP: 1/1
   219 | D:1      | Reached XP level 2. HP: 18/19 MP: 2/2
   607 | D:1      | Found a faded altar of an unknown god.
  1296 | D:1      | Found Hoateam's Assorted Antiques.
  1694 | D:2      | Reached skill level 4 in Fighting
  1694 | D:2      | Reached XP level 3. HP: 21/24 MP: 3/3
  1761 | D:2      | Reached XP level 4. HP: 30/30 MP: 4/4
  1790 | D:2      | Noticed an ogre
  1810 | D:2      | Demolished by an ogre

Illustrated notes

Levels and vault maps discovered:
D:1:      evilmike_arrival_grusome_pit, layout_basic,
          hellmonk_ecumenical_altar_leap_of_faith, serial_shops, shop,
          minmay_misc_feat_tower, hex_large
D:2:      cheibrodos_fertilizer, layout_basic

Skill      XL: |  1  2 |
---------------+-------+-----
Fighting       | 4 |  4.3
Maces & Flails | |  3.9
Armour         | |  2.2
Dodging        | |  1.5

Action                   |  1- 3 |  4- 6 || total
-------------------------+-------+-------++-------
Melee: Mace              |    88 |     8 ||    96
Invok: Berserk           |     2 |     1 ||     3
Armor: Animal skin       |    42 |     1 ||    43
Dodge: Dodged            |    81 |     2 ||    83
